 Dungeon Crawl Stone Soup version 0.25.1-8-g42b30a86e7 (webtiles) character file.

Game seed: 2227394281091124054

45 Clowwww the Skirmisher (level 3, -1/29 HPs)
             Began as a Demonspawn Fighter on Dec 23, 2020.
             Slain by a yak (7 damage)
             ... on level 4 of the Dungeon.
             The game lasted 00:01:52 (924 turns).

Clowwww the Skirmisher (Demonspawn Fighter)          Turns: 924, Time: 00:01:53

Health: -1/29      AC:  6    Str: 17    XL:     3   Next: 42%
Magic:  3/3        EV:  7    Int:  9    God:
Gold:   92         SH:  9    Dex: 12    Spells: 2/2 levels left

rFire    . . .     SeeInvis .   a - +1 war axe
rCold    . . .     Gourm    .   c - +0 kite shield
rNeg     . . .     Faith    .   b - +0 scale mail
rPois    .         Spirit   .   (no helmet)
rElec    .         Reflect  .   (no cloak)
rCorr    .         Harm     .   (no gloves)
MR       .....                  (no boots)
Stlth    ..........             l - amulet of inaccuracy (curse)
HPRegen  0.09/turn              (no ring)
MPRegen  0.08/turn              (no ring)

@: mighty
A: talons 1
a: no special abilities


You were on level 4 of the Dungeon.
You were not hungry.

You visited 1 branch of the dungeon, and saw 3 of its levels.

You collected 92 gold pieces.

Inventory:

Hand Weapons
 a - a +1 war axe (weapon)
Missiles
 e - 8 boomerangs (quivered)
Armour
 b - a +0 scale mail (worn)
 c - a +0 kite shield (worn)
Jewellery
 l - a cursed amulet of inaccuracy (around neck)
Scrolls
 h - 3 scrolls of identify
Potions
 d - a potion of might
Comestibles
 f - 2 rations
 k - a chunk of flesh


   Skills:
 + Level 3.2 Fighting
 + Level 2.3 Axes
 + Level 3.1 Armour
 + Level 0.1 Dodging
 + Level 0.1 Stealth
 + Level 3.1 Shields


You had 2 spell levels left.
You didn't know any spells.
Your spell library was empty.

Dungeon Overview and Level Annotations

Branches:
Dungeon (2/15)

Altars:

Shops:
D:4 *


Innate Abilities, Weirdness & Mutations

You have sharp toenails.


Message History

Your shield and scale mail prevent you from hitting the yak.
You claw the yak, but do no damage.
Your shield and scale mail prevent you from hitting the yak.
The yak gores you but does no damage. You block the yak's attack.
You hit the yak.
The yak is lightly wounded.
You closely miss the yak. The yak gores you!
* * * LOW HITPOINT WARNING * * *
The yak closely misses you.
Sorry, you're not good enough to have a special ability.
Unknown command.
You feel very mighty all of a sudden. The yak gores you but does no damage.
You block the yak's attack. The yak gores you but does no damage.
You barely miss the yak. Your kick misses the yak.
The yak is lightly wounded.
You closely miss the yak.
Your shield prevents you from hitting the yak.
The yak gores you!
You die...

####################
.......@YYY........>
..%....YYYZ.........
###########......#
#......# #......#
#Y.....# #......#
####Z.....#
#.........#


You could see 6 yaks and an adder skeleton.

Vanquished Creatures
  2 oozes (D:1)
  A dart slug (D:1)
  A leopard gecko (D:1)
  4 giant cockroaches
  3 goblins (D:1)
  8 hobgoblins (D:1)
  3 kobolds (D:1)
  2 bats (D:1)
  5 frilled lizards
  4 rats (D:1)
33 creatures vanquished.

Notes
Turn   | Place    | Note
-------+----------+-------------------------------------------
     0 | D:1      | Clowwww the Demonspawn Fighter began the quest for the Orb.
     0 | D:1      | Reached XP level 1. HP: 18/18 MP: 1/1
    49 | D:1      | Gained mutation: You have sharp toenails. [demonic
                  | ancestry]
    49 | D:1      | Reached XP level 2. HP: 9/24 MP: 2/2
   485 | D:1      | Reached XP level 3. HP: 21/29 MP: 3/3
   906 | D:2      | You fall into a shaft and drop 2 floors!
   906 | D:4      | Found Gotsit's Assorted Antiques.
   906 | D:4      | Noticed a yak
   906 | D:4      | Noticed a yak
   906 | D:4      | Noticed a yak
   906 | D:4      | Noticed a yak
   906 | D:4      | Noticed a yak
   907 | D:4      | Noticed a yak
   924 | D:4      | Slain by a yak

Illustrated notes

Levels and vault maps discovered:
D:1:      sevenhm_arrival_forest_fort_small_3, layout_basic,
          ebering_dispersal_statue_hall
D:2:      wander_river, layout_loops_ring, nicolae_overflow_crystal_walls,
          evilmike_ruin_ashenzari
D:4:      layout_basic, kennysheep_little_box, first_ration, serial_shops, shop,
          uniq_eustachio

Skill      XL: |  1  2 |
---------------+-------+-----
Axes           | 2 |  2.3
Shields        | 3 |  3.1
Armour         | 3 |  3.1
Fighting       | |  3.2
Dodging        | |  0.1
Stealth        | |  0.1

Action                   || total
-------------------------++-------
Melee: War axe           ||    73
       Kick              ||     9
Throw: Boomerang         ||     7
  Use: Scroll            ||     4
       Potion            ||     1
Armor: Scale mail        ||    42
Dodge: Dodged            ||    25
Block: Kite shield       ||    49
